 Dungeon Crawl Stone Soup version 0.22-a0-858-g985ef60 (webtiles) character file.

3 Amnesiac the Vexing (level 1, 0/13 HPs)
             Began as a Mummy Enchanter on July 27, 2018.
             Slain by a ball python (1 damage)
             ... on level 1 of the Dungeon.
             The game lasted 00:00:26 (73 turns).

Amnesiac the Vexing (Mummy Enchanter)                 Turns: 73, Time: 00:00:26

Health: 0/13       AC:  2    Str: 11    XL:     1   Next: 41%
Magic:  1/4        EV:  9    Int: 14    God:
Gold:   0          SH:  0    Dex: 12    Spells: 4/5 levels left

rFire    x . .     SeeInvis .   a - +1 dagger
rCold    + . .     Gourm    .   (no shield)
rNeg     + + +     Faith    .   b - +0 robe
rPois    ∞         Spirit   .   (no helmet)
rElec    .         Reflect  .   (no cloak)
rCorr    .         Harm     .   (no gloves)
MR       .....                  (no boots)
Stlth    ++........             (no amulet)
HPRegen  0.04/turn              (no ring)
MPRegen  0.09/turn              (no ring)

@: constricted
A: no food or potions, fire vulnerability, cold resistance 1, negative energy
resistance 3, torment resistance, unbreathing
a: no special abilities


You were on level 1 of the Dungeon.
You were not hungry.

You visited 1 branch of the dungeon, and saw 1 of its levels.

Inventory:

Hand Weapons
 a - a +1 dagger (weapon)
Armour
 b - a +0 robe (worn)


   Skills:
 - Level 0.7 Short Blades
 - Level 1.5 Dodging
 - Level 2.4 Stealth
 + Level 2.8 Spellcasting
 * Level 2.8 Hexes


You had 4 spell levels left.
You knew the following spells:

 Your Spells              Type           Power        Failure   Level  Hunger
a - Corona                Hex            ##.....      7%          1    N/A

Your spell library contained the following spells:

 Spells                   Type           Power        Failure   Level  Hunger
 Confuse                  Hex            ##......     21%         3    N/A
 Tukima's Dance           Hex            ##......     21%         3    N/A
 Ensorcelled Hibernation  Hex/Ice        #.....       19%         2    N/A
 Dazzling Spray           Conj/Hex       #.....       36%         3    N/A

Dungeon Overview and Level Annotations

Branches:
Dungeon (1/15)

Altars:


Innate Abilities, Weirdness & Mutations

You do not eat or drink.
Your flesh is vulnerable to fire.
You are immune to poison.
Your flesh is cold resistant. (rC+)
You are immune to negative energy. (rN+++)
You are immune to unholy pain and torment.
You can survive without breathing.


Message History

The bat completely misses you. The hobgoblin misses you.
You see here a scroll labeled GAPHEA ACORGHAC {!r}.
Casting: Corona (safe; 7% risk of failure)
Confirm with . or Enter, or press ? or * to list all spells.
Aiming: Corona (safe; 7% risk of failure)
Press: ? - help, Shift-Dir - straight line, f - bat
Aim: a bat (chance to defeat MR: 63%)
The bat is outlined in light.
The bat closely misses you. The hobgoblin hits you with a club.
The kobold hits you with a dagger.
Unknown command.
A rat comes into view.
The bat hits you but does no damage. The bat hits you.
Casting: Corona (safe; 7% risk of failure)
Confirm with . or Enter, or press ? or * to list all spells.
Aiming: Corona (safe; 7% risk of failure)
Press: ? - help, Shift-Dir - straight line, f/p - bat
Aim: a bat (softly glowing, chance to defeat MR: 63%)
The bat struggles to resist.
The bat barely misses you. The bat hits you.
The hobgoblin hits you with a club.
* * * LOW HITPOINT WARNING * * *
Unknown command.
The bat closely misses you. The bat hits you but does no damage.
The rat closely misses you.
Found a robe.
You hit the bat.
The bat is severely wounded.
The bat hits you but does no damage. The rat barely misses you.
The hobgoblin closely misses you. The bat hits you but does no damage.
The bat closely misses you.
A ball python comes into view.
Found a stone staircase leading down.
The ball python hisses angrily.
The ball python bites you but does no damage.
The ball python closely misses you.
Found 20 arrows.
You completely miss the ball python. The ball python closely misses you.
The ball python completely misses you. The rat misses you.
Casting: Corona (safe; 7% risk of failure)
Confirm with . or Enter, or press ? or * to list all spells.
Aiming: Corona (safe; 7% risk of failure)
Press: ? - help, Shift-Dir - straight line, f/p - bat
Aim: a bat (moderately wounded, chance to defeat MR: 63%)
The rat struggles to resist.
The ball python closely misses you. The ball python grabs you.
The ball python constricts you. The rat bites you.
* * * LOW HITPOINT WARNING * * *
The ball python bites you.
* * * LOW HITPOINT WARNING * * *
The ball python constricts you.
Unknown command.
You escape the ball python's grasp.
Casting: Corona (safe; 7% risk of failure)
Confirm with . or Enter, or press ? or * to list all spells.
Aiming: Corona (safe; 7% risk of failure)
Press: ? - help, Shift-Dir - straight line, f/p - bat
Aim: a bat (moderately wounded, chance to defeat MR: 63%)
The ball python is outlined in light.
The ball python misses you. The ball python barely misses you.
Unknown command.
You hit the ball python.
The ball python is heavily wounded.
The ball python closely misses you. The ball python grabs you.
You die...

........# #.....#.#
.(.>....# ........####
##### .......K..b# #....
........##.##...##
......br##.#.....#
.....g#S#.......#
.......@##...#.## ..
.##..##....#...# ..
........#.###[.# #.
###.##.###?#..+# ..
#.##..#K#!# . #.
#.###.)#?## .. #.
#..##.###.#. ..
.#.#########...#$.#....
...
.....[....†...!.........


You could see a hobgoblin, a bat, a ball python, a kobold and a rat.

Vanquished Creatures
  A bat (D:1)
  A goblin (D:1)
  A rat (D:1)
3 creatures vanquished.

Notes
Turn   | Place    | Note
-------+----------+-------------------------------------------
     0 | D:1      | Amnesiac the Mummy Enchanter began the quest for the Orb.
     0 | D:1      | Reached XP level 1. HP: 13/13 MP: 4/4
    73 | D:1      | Slain by a ball python

Vault maps used:
D:1:      matt_arrival_grand_opening, minmay_pentomino_x4

Action                   || total
-------------------------++-------
Melee: Dagger            ||    11
 Cast: Corona            ||     6
 Stab: Sleeping          ||     2
Armor: Robe              ||     8
Dodge: Dodged            ||    28

Table legend:
 A = Spawn XP
 B = Non-spawn XP
 C = Spawn XP percentage of total XP
 D = Spawn monster count
 E = Non-spawn monster count
 F = Spawn count percentage of total count
 G = Total turns spent on level
                    A         B        C        D         E        F      G
               +---------+---------+-------+---------+---------+-------+---------
         Total |       0 |       5 |   0.0 |       0 |       3 |   0.0 |    73
               +---------+---------+-------+---------+---------+-------+---------
           D:1 |       0 |       5 |   0.0 |       0 |       3 |   0.0 |    73
               +---------+---------+-------+---------+---------+-------+---------
